 Dungeon Crawl Stone Soup version 0.30.1-4-g462c640d31 (webtiles) character file.

Game seed: 12037671250062244671

93 GeoRichter the Firebug (level 4, 0/49 HPs)
             Began as a Draconian Fire Elementalist on Aug 17, 2023.
             Slain by a cerulean imp
             ... wielding a +1 spear
             ... summoned by Natasha
              (2 damage)
             ... on level 3 of the Dungeon.
             The game lasted 00:03:54 (1806 turns).

GeoRichter the Firebug (DrFE)                       Turns: 1806, Time: 00:03:55

Health: 0/49       AC: 22    Str: 10    XL:     4   Next: 36%
Magic:  5/8        EV:  2    Int: 18    God:
Gold:   90         SH:  0    Dex: 11    Spells: 5/8 levels left

rFire   . . .        c - +1 dagger
rCold   . . .        (no shield)
rNeg    . . .        (body armour unavailable)
rPois   +            (helmet currently unavailable)
rElec   .            (cloak currently unavailable)
rCorr   .            f - melded +0 pair of gloves
SInv    .            (boots currently unavailable)
Will    .....        (no amulet)
Stlth   ++           (no ring)
HPRegen 0.28/turn    (no ring)
MPRegen 0.11/turn

%: no passive effects
@: tree-form, slowed, very slow
A: stationary, stasis, torment immunity, boosted hp, AC +5, unfitting armour,
(cold-blooded)
a: no special abilities


You were on level 3 of the Dungeon.
You were a tree.
You visited 1 branch of the dungeon, and saw 3 of its levels.

You collected 90 gold pieces.

Inventory:

Hand Weapons
 c - a +1 dagger (weapon)
   (You took it off a kobold on level 1 of the Dungeon)
Armour
 f - a +0 pair of gloves (melded)
   (You found it on level 3 of the Dungeon)
Magical Staves
 g - a staff of death
   (You found it on level 1 of the Dungeon)
Scrolls
 e - a scroll of noise {!r}
 i - 2 scrolls of enchant weapon
 j - a scroll of immolation {unknown}
 l - a scroll of teleportation {unknown}
 m - a scroll of acquirement {unknown}
Potions
 a - 2 potions of magic
 b - 2 potions of brilliance
 d - a potion of invisibility
 k - a potion of might


   Skills:
 - Level 1.7 Dodging
 - Level 1.7 Stealth
 + Level 2.9 Spellcasting
 - Level 1.0 Conjurations
 * Level 4.6 Fire Magic


You had 5 spell levels left.
You knew the following spells:

 Your Spells              Type           Power      Damage    Failure   Level
a - Foxfire               Conj/Fire      48%        2x1d6     5%          1
b - Scorch                Fire           38%        2d6       3%          2

Your spell library contained the following spells:

 Spells                   Type           Power      Damage    Failure   Level
 Inner Flame              Hex/Fire       10%        N/A       19%         3
 Volatile Blastmotes      Fire/Tloc      20%        2d11      19%         3
 Flame Wave               Conj/Fire      12%        2d6       45%         4


Dungeon Overview and Level Annotations

Branches:
Dungeon (3/15) Zot: 16172

Altars:
Nemelex Xobeh

Shops:
D:2 (

Annotations:
D:3 Natasha


Innate Abilities, Weirdness & Mutations

You are a tree.
Your roots penetrate the ground, keeping you stationary.
You cannot be teleported.
You are immune to unholy pain and torment.
Your maximum health is greatly increased.
Your equipment is partially melded.
((Your plain brown scales are hard. (AC +5)))
You cannot fit into any form of body armour.
((You are cold-blooded and may be slowed by cold attacks.))


Message History

Flames lash the cerulean imp.
The cerulean imp is lightly wounded.
The cerulean imp's fire resistance burns away.
Natasha zaps a wand.
The puff of flame hits you. The cerulean imp closely misses you.
The cerulean imp is no longer more vulnerable to fire.
Natasha claws you.
The cerulean imp hits you from afar with a +1 spear.
You closely miss Natasha.
Natasha is heavily wounded.
Natasha is no longer more vulnerable to fire.
Natasha zaps a wand.
The puff of flame hits you.
* * * LOW HITPOINT WARNING * * *
The cerulean imp hits you but does no damage.
You hit Natasha.
Natasha is heavily wounded.
Natasha claws you.
* * * LOW HITPOINT WARNING * * *
The cerulean imp hits you from afar with a +1 spear.
* * * LOW HITPOINT WARNING * * *
You barely miss Natasha. You tail-slap Natasha.
Natasha is severely wounded.
Natasha misses you.
The cerulean imp hits you from afar with a +1 spear.
* * * LOW HITPOINT WARNING * * *
You hit Natasha.
You tail-slap Natasha, but do no damage.
Natasha is severely wounded.
Natasha claws you.
* * * LOW HITPOINT WARNING * * *
The cerulean imp barely misses you.
Okay, then.
As you read the scroll labelled RASITA SUTZUZ LUX, it crumbles to dust.
You hear a loud clanging noise!
It was a scroll of noise.
You hear an angry hiss.
You hear a shout!
You hear an angry hiss.
Natasha mumbles some strange words.
You feel disoriented. Natasha barely misses you.
The cerulean imp hits you from afar with a +1 spear.
* * * LOW HITPOINT WARNING * * *
It was a potion of lignification.
You turn into a tree.
Your +0 pair of gloves melds into your body.
Your roots penetrate the ground.
Natasha stares at you and mumbles some strange words.
You feel yourself slow down.
The cerulean imp hits you from afar with a +1 spear.
You die...

#.....####..#.#.#
###........##...###
#...............####...
#..............<.†)....
#.[................##..
#........##....#†###
#........###...#.#
#........####....#
#.....5h♣..##..#..
#....:...#........
#........######....
#........# #........#
#........# #......(.#
##########


You could see Natasha and a cerulean imp (summoned).

Vanquished Creatures
  Natasha (D:3)
  2 adders
  A dart slug (D:1)
  6 endoplasms
  2 giant cockroaches
  6 goblins
  5 hobgoblins
  6 jackals (D:2)
  4 kobolds
  2 ball pythons
  A bat (D:1)
  2 frilled lizards
  4 rats
42 creatures vanquished.

Vanquished Creatures (others)
  80 foxfires
80 creatures vanquished.

Grand Total: 122 creatures vanquished

Notes
Turn   | Place    | Note
-------+----------+-------------------------------------------
     0 | D:1      | GeoRichter the Draconian Fire Elementalist began the quest
                  | for the Orb.
     0 | D:1      | Reached XP level 1. HP: 14/14 MP: 3/3
   317 | D:1      | Reached XP level 2. HP: 20/20 MP: 1/5
   764 | D:2      | Learned a level 2 spell: Scorch
   918 | D:2      | Reached XP level 3. HP: 26/26 MP: 3/6
  1025 | D:2      | Reached skill level 4 in Fire Magic
  1390 | D:2      | Found a sparkling altar of Nemelex Xobeh.
  1487 | D:2      | Found Lupluck's Weapon Emporium.
  1612 | D:3      | Noticed Natasha
  1618 | D:3      | Killed Natasha
  1619 | D:3      | Reached XP level 4. HP: 30/33 MP: 1/8
  1794 | D:3      | Noticed Natasha
  1805 | D:3      | HP: 1/33 [cerulean imp/+1 spear[Natasha] (3)]
  1806 | D:3      | Slain by a cerulean imp

Illustrated notes

Levels and vault maps discovered:
D:1:      zaba_arrival_water, layout_basic, serial_bayou_pond_c,
          serial_bayou_ford_a
D:2:      layout_basic, basic_altar, serial_shops, nicolae_shop_hallway_plus
D:3:      layout_rooms, serial_bayou_crossing, uniq_natasha

Skill      XL: |  1  2  3 |
---------------+----------+-----
Fire Magic     | 4 |  4.6
Dodging        | |  1.7
Stealth        | |  1.7
Spellcasting   | |  2.9
Conjurations   | |  1.0

Action                     |  1- 3 |  4- 6 || total
---------------------------+-------+-------++-------
  Melee: Unarmed           |     2 |       ||     2
         Dagger            |     4 |     4 ||     8
         Tailslap          |       |     2 ||     2
   Cast: Foxfire           |    41 |     5 ||    46
         Scorch            |    10 |     4 ||    14
    Use: Scroll            |     4 |     1 ||     5
         Potion            |       |     1 ||     1
 Armour: Skin              |     4 |     1 ||     5
  Dodge: Dodged            |     7 |     4 ||    11
